| TOP OF THE 1ST |
|
Chicago White Sox batting - Pitching for Cleveland Spiders : RHP Jose DeLeon
|
|
Pitching: RHP Jose DeLeon
|
|
|
Batting: SHB Ozzie Smith
|
0-0: Ball 1-0: Called Strike 1-1: Ball 2-1: Ball 3-1: Base on Balls
|
|
Batting: SHB Dwayne Taggart
|
0-0: Ball 1-0: Swinging Strike 1-1: Ball 2-1: SINGLE (Groundball, 34D, EV 94.4 MPH) Ozzie Smith to second Runner from 2nd tries for 3rd, SAFE, no throw by RF
|
|
Batting: RHB Mike Heath
|
0-0: Ball 1-0: SINGLE (Groundball, 4MD, EV 100.0 MPH) Ozzie Smith scores Dwayne Taggart to second Runner from 2nd tries for 3rd, SAFE, throw by CF made to third
|
|
Batting: LHB Mitchell Page
|
0-0: Ball 1-0: 3-RUN HOME RUN (Line Drive, 9LD, EV 94.4 MPH), Distance : 377 ft
|
|
Batting: RHB Steve Henderson
|
0-0: Ball 1-0: Ball 2-0: Called Strike 2-1: Called Strike 2-2: Ball 3-2: Base on Balls
|
|
Batting: LHB Ryan MacFarland
|
0-0: Ball 1-0: Ball 2-0: Foul Ball, location: 2F 2-1: Ball 3-1: Grounds into double play, 4-6-3 (Groundball, 4, EV 102.5 MPH)
|
|
Batting: RHB Jim Wynn
|
0-0: Foul Ball, location: 2F 0-1: Foul Ball, location: 2F 0-2: Ball 1-2: Strikes out swinging
|
| Top of the 1st over - 4 runs, 3 hits, 0 errors, 0 left on base; Chicago 4 - Cleveland 0 |
| BOTTOM OF THE 1ST |
|
Cleveland Spiders batting - Pitching for Chicago White Sox : RHP Dave Rozema
|
|
Pitching: RHP Dave Rozema
|
|
|
Batting: LHB Terry Puhl
|
0-0: Ball 1-0: SINGLE (Groundball, 3S, EV 70.6 MPH) (infield hit)
|
|
Batting: RHB Alan Trammell
|
0-0: Ball 1-0: SINGLE (Groundball, 3D, EV 95.6 MPH) Terry Puhl to second Runner from 2nd tries for 3rd, SAFE, throw by RF made to third
|
|
Batting: SHB Salvador Perez
|
0-0: Ball 1-0: Ball 2-0: Called Strike 2-1: Ball Wild Pitch! Terry Puhl scores Alan Trammell to second 3-1: Foul Ball, location: 2F 3-2: Strikes out swinging
|
|
Batting: RHB Clayton Elliott
|
0-0: Swinging Strike 0-1: Called Strike 0-2: Foul Ball, location: 2F 0-2: Foul Ball, location: 2F 0-2: Ball 1-2: Ball 2-2: Foul Ball, location: 2F 2-2: Ball 3-2: Foul Ball, location: 2F 3-2: SINGLE (Line Drive, 4D, EV 104.4 MPH) Alan Trammell to third Runner from 3rd tries for Home, SAFE, throw by CF to home
|
|
Batting: RHB Kevin Bell
|
0-0: Ball Wild Pitch! Clayton Elliott to second 1-0: Called Strike 1-1: Foul Ball, location: 2F 1-2: Strikes out swinging
|
|
Batting: RHB Cressy Pratt
|
0-0: Foul Ball, location: 2F 0-1: Foul Ball, location: 2F 0-2: Fly out, F8 (Flyball, 8RD, EV 102.5 MPH)
|
| Bottom of the 1st over - 2 runs, 3 hits, 0 errors, 1 left on base; Chicago 4 - Cleveland 2 |
| TOP OF THE 2ND |
|
Chicago White Sox batting - Pitching for Cleveland Spiders : RHP Jose DeLeon
|
|
Batting: LHB Steve Christmas
|
0-0: Called Strike 0-1: Ball 1-1: Ground out 4-3 (Groundball, 4, EV 97.5 MPH)
|
|
Batting: SHB Kevin King
|
0-0: Ball 1-0: Called Strike 1-1: Called Strike 1-2: Strikes out swinging
|
|
Batting: SHB Ozzie Smith
|
0-0: Called Strike 0-1: Ball 1-1: SINGLE (Groundball, 34S, EV 66.9 MPH) (infield hit)
|
|
Batting: SHB Dwayne Taggart
|
0-0: SINGLE (Groundball, 4MD, EV 108.1 MPH) Ozzie Smith to second Runner from 2nd tries for 3rd, SAFE, throw by CF made to third
|
|
Batting: RHB Mike Heath
|
0-0: Ball 1-0: Called Strike 1-1: Fielders Choice at 2nd, 6-4 (Groundball, 6, EV 94.4 MPH)
|
| Top of the 2nd over - 0 runs, 2 hits, 0 errors, 2 left on base; Chicago 4 - Cleveland 2 |
| BOTTOM OF THE 2ND |
|
Cleveland Spiders batting - Pitching for Chicago White Sox : RHP Dave Rozema
|
|
Batting: RHB Tom Brunansky
|
0-0: Called Strike 0-1: Fly out, F9 (Flyball, 9D, EV 94.4 MPH)
|
|
Batting: RHB Jesse Barfield
|
0-0: Foul Ball, location: 2F 0-1: Called Strike 0-2: Ball 1-2: Foul Ball, location: 2F 1-2: Ball 2-2: Foul Ball, location: 2F 2-2: SINGLE (Line Drive, 8RS, EV 105.0 MPH)
|
|
Batting: RHB Tom Dodd
|
0-0: Ball 1-0: Ball 2-0: Called Strike 2-1: Ball 3-1: Fielders Choice at 2nd, 6-4 (Groundball, 6, EV 85.6 MPH)
|
|
Batting: LHB Terry Puhl
|
0-0: Foul Ball, location: 2F 0-1: Ball 1-1: SINGLE (Groundball, 56, EV 111.3 MPH) (infield hit) Tom Dodd to second
|
|
Batting: RHB Alan Trammell
|
0-0: Ball 1-0: Ball 2-0: Called Strike 2-1: Foul Ball, location: 2F 2-2: Ground out 6-3 (Groundball, P, EV 85.0 MPH)
|
| Bottom of the 2nd over - 0 runs, 2 hits, 0 errors, 2 left on base; Chicago 4 - Cleveland 2 |
| TOP OF THE 3RD |
|
Chicago White Sox batting - Pitching for Cleveland Spiders : RHP Jose DeLeon
|
|
Batting: LHB Mitchell Page
|
0-0: Ball 1-0: Called Strike 1-1: Foul Ball, location: 2F 1-2: Fly out, F4 (Popup, 4, EV 58.1 MPH)
|
|
Batting: RHB Steve Henderson
|
0-0: Foul Ball, location: 2F 0-1: Ball 1-1: Ball 2-1: Called Strike 2-2: Strikes out swinging
|
|
Batting: LHB Ryan MacFarland
|
0-0: Ball 1-0: Ball 2-0: Foul Ball, location: 2F 2-1: Ball 3-1: Called Strike 3-2: Foul Ball, location: 2F 3-2: Foul Ball, location: 2F 3-2: Base on Balls
|
|
Batting: RHB Jim Wynn
|
0-0: Ball 1-0: Fly out, F4 (Flyball, 34D, EV 76.3 MPH)
|
| Top of the 3rd over - 0 runs, 0 hits, 0 errors, 1 left on base; Chicago 4 - Cleveland 2 |
| BOTTOM OF THE 3RD |
|
Cleveland Spiders batting - Pitching for Chicago White Sox : RHP Dave Rozema
|
|
Batting: SHB Salvador Perez
|
0-0: Foul Ball, location: 2F 0-1: Ball 1-1: Foul Ball, location: 2F 1-2: Ground out 6-3 (Groundball, 6, EV 91.3 MPH)
|
|
Batting: RHB Clayton Elliott
|
0-0: Fly out, F9 (Flyball, 9, EV 90.6 MPH)
|
|
Batting: RHB Kevin Bell
|
0-0: Ball 1-0: Ball 2-0: SINGLE (Flyball, 89S, EV 88.1 MPH)
|
|
Pitching: RHP Dickie Noles
|
|
|
Batting: RHB Cressy Pratt
|
0-0: Ball Kevin Bell steals 2nd base 1-0: Foul Ball, location: 2F 1-1: Swinging Strike 1-2: Foul Ball, location: 2F 1-2: Ball 2-2: Ground out 5-3 (Groundball, 5S, EV 73.8 MPH)
|
| Bottom of the 3rd over - 0 runs, 1 hit, 0 errors, 1 left on base; Chicago 4 - Cleveland 2 |
| TOP OF THE 4TH |
|
Chicago White Sox batting - Pitching for Cleveland Spiders : RHP Jose DeLeon
|
|
Batting: LHB Steve Christmas
|
0-0: Called Strike 0-1: Fly out, F4 (Flyball, 4MD, EV 90.0 MPH)
|
|
Batting: SHB Kevin King
|
0-0: Foul Ball, location: 2F 0-1: Foul Ball, location: 2F 0-2: Strikes out looking
|
|
Batting: SHB Ozzie Smith
|
0-0: Fly out, F9 (Flyball, 9LS, EV 80.6 MPH)
|
| Top of the 4th over - 0 runs, 0 hits, 0 errors, 0 left on base; Chicago 4 - Cleveland 2 |
| BOTTOM OF THE 4TH |
|
Cleveland Spiders batting - Pitching for Chicago White Sox : RHP Dickie Noles
|
|
Batting: RHB Tom Brunansky
|
0-0: Called Strike 0-1: Swinging Strike 0-2: Fly out, F8 (Line Drive, 8RM, EV 93.8 MPH)
|
|
Batting: RHB Jesse Barfield
|
0-0: Ground out 4-3 (Groundball, 4S, EV 83.1 MPH)
|
|
Batting: RHB Tom Dodd
|
0-0: Ball 1-0: Foul Ball, location: 2F 1-1: Ball 2-1: Called Strike 2-2: Ball 3-2: Fly out, F8 (Flyball, 78XD, EV 95.0 MPH)
|
| Bottom of the 4th over - 0 runs, 0 hits, 0 errors, 0 left on base; Chicago 4 - Cleveland 2 |
| TOP OF THE 5TH |
|
Chicago White Sox batting - Pitching for Cleveland Spiders : RHP Jose DeLeon
|
|
Pitching: RHP Roger Erickson
|
|
|
Batting: SHB Dwayne Taggart
|
0-0: Foul Ball, location: 2F 0-1: Ball 1-1: SINGLE (Groundball, 56D, EV 94.4 MPH)
|
|
Batting: RHB Mike Heath
|
0-0: Ball 1-0: Called Strike 1-1: Ball 2-1: Swinging Strike 2-2: Foul Ball, location: 2F 2-2: Strikes out swinging
|
|
Batting: LHB Mitchell Page
|
0-0: Ball 1-0: Ball 2-0: Called Strike 2-1: Ball 3-1: Called Strike Dwayne Taggart steals 2nd base 3-2: Foul Ball, location: 2F 3-2: SINGLE (Line Drive, 56D, EV 95.6 MPH) Dwayne Taggart to third Runner from 3rd tries for Home, SAFE, throw by LF to home
|
|
Batting: RHB Steve Henderson
|
0-0: Ball 1-0: Ball 2-0: Ball 3-0: Base on Balls Mitchell Page to second
|
|
Batting: LHB Ryan MacFarland
|
0-0: Foul Ball, location: 2F 0-1: Called Strike 0-2: Foul Ball, location: 2F 0-2: Strikes out swinging
|
|
Batting: RHB Jim Wynn
|
0-0: Called Strike 0-1: Ball 1-1: Foul Ball, location: 2F 1-2: Ball 2-2: Foul Ball, location: 2F 2-2: Foul Ball, location: 2F 2-2: Fly out, F4 (Popup, 34S, EV 85.0 MPH)
|
| Top of the 5th over - 1 run, 2 hits, 0 errors, 2 left on base; Chicago 5 - Cleveland 2 |
| BOTTOM OF THE 5TH |
|
Cleveland Spiders batting - Pitching for Chicago White Sox : RHP Dickie Noles
|
|
Batting: LHB Terry Puhl
|
0-0: Fly out, F6 (Popup, 4M, EV 55.0 MPH)
|
|
Batting: RHB Alan Trammell
|
0-0: Ball 1-0: Ground out 4-3 (Groundball, 4S, EV 74.4 MPH)
|
|
Batting: SHB Salvador Perez
|
0-0: Foul Ball, location: 2F 0-1: Ball 1-1: Ball 2-1: Fly out, F7 (Flyball, 7, EV 86.3 MPH)
|
| Bottom of the 5th over - 0 runs, 0 hits, 0 errors, 0 left on base; Chicago 5 - Cleveland 2 |
| TOP OF THE 6TH |
|
Chicago White Sox batting - Pitching for Cleveland Spiders : RHP Roger Erickson
|
|
Batting: LHB Steve Christmas
|
0-0: Called Strike 0-1: Ball 1-1: Ball 2-1: Foul Ball, location: 2F 2-2: Strikes out looking
|
|
Batting: SHB Kevin King
|
0-0: Foul Ball, location: 2F 0-1: Ball 1-1: Fly out, F6 (Flyball, 56D, EV 93.1 MPH)
|
|
Pinch Hitting: RHB Tim Teufel
|
0-0: Ball 1-0: SINGLE (Line Drive, 4M, EV 107.5 MPH)
|
|
Pinch Hitting: RHB Bob Bailey
|
0-0: Ball 1-0: Called Strike 1-1: Ball 2-1: Swinging Strike 2-2: Strikes out swinging
|
| Top of the 6th over - 0 runs, 1 hit, 0 errors, 1 left on base; Chicago 5 - Cleveland 2 |
| BOTTOM OF THE 6TH |
|
Cleveland Spiders batting - Pitching for Chicago White Sox : RHP Dickie Noles
|
|
Now at 1B: Mike A Marshall
|
|
|
Now at SS: Jose Castro
|
|
|
Batting: RHB Clayton Elliott
|
0-0: Called Strike 0-1: Ball 1-1: Ball 2-1: Called Strike 2-2: Strikes out looking
|
|
Batting: RHB Kevin Bell
|
0-0: Ball 1-0: Swinging Strike 1-1: Called Strike 1-2: Strikes out swinging
|
|
Batting: RHB Cressy Pratt
|
0-0: Foul Ball, location: 2F 0-1: Ball 1-1: Called Strike 1-2: Ball 2-2: Foul Ball, location: 2F 2-2: Ball 3-2: Strikes out swinging
|
| Bottom of the 6th over - 0 runs, 0 hits, 0 errors, 0 left on base; Chicago 5 - Cleveland 2 |
| TOP OF THE 7TH |
|
Chicago White Sox batting - Pitching for Cleveland Spiders : RHP Roger Erickson
|
|
Batting: RHB Mike Heath
|
0-0: Called Strike 0-1: Foul Ball, location: 2F 0-2: Ball 1-2: Strikes out swinging
|
|
Pinch Hitting: RHB Kevin McReynolds
|
0-0: Ball 1-0: Called Strike 1-1: Ball 2-1: Swinging Strike 2-2: Strikes out looking
|
|
Batting: RHB Steve Henderson
|
0-0: Ball 1-0: Swinging Strike 1-1: Ground out 6-3 (Groundball, 6, EV 88.1 MPH)
|
| Top of the 7th over - 0 runs, 0 hits, 0 errors, 0 left on base; Chicago 5 - Cleveland 2 |
| BOTTOM OF THE 7TH |
|
Cleveland Spiders batting - Pitching for Chicago White Sox : RHP Dickie Noles
|
|
Pitching: RHP Don Wilson
|
|
|
Now in RF: Brian Harper
|
|
|
Batting: RHB Tom Brunansky
|
0-0: Bunt missed! 0-1: DOUBLE (Groundball, 3L, EV 106.9 MPH)
|
|
Batting: RHB Jesse Barfield
|
0-0: Ground out 2-3 (Groundball, 13S, EV 65.6 MPH) Tom Brunansky to third
|
|
Batting: RHB Tom Dodd
|
0-0: Foul Ball, location: 2F 0-1: Ball 1-1: Ball 2-1: Ball 3-1: Swinging Strike 3-2: Base on Balls
|
|
Pinch Hitting: RHB Jordan Ventura
|
0-0: SINGLE (Groundball, 6S, EV 68.8 MPH) (infield hit) Tom Brunansky scores Tom Dodd to second
|
|
Pinch Hitting: RHB Reyes Carrion
|
0-0: Called Strike 0-1: Called Strike 0-2: Strikes out swinging
|
|
Batting: RHB Randy Elliott
|
0-0: Ball 1-0: Swinging Strike 1-1: Foul Ball, location: 2F 1-2: SINGLE (Groundball, 6MD, EV 105.6 MPH) (infield hit) Tom Dodd to third Jordan Ventura to second
|
|
Pinch Hitting: LHB Jesus Ramos
|
0-0: Ball 1-0: Fly out, F8 (Line Drive, 8LM, EV 96.9 MPH)
|
| Bottom of the 7th over - 1 run, 3 hits, 0 errors, 3 left on base; Chicago 5 - Cleveland 3 |
| TOP OF THE 8TH |
|
Chicago White Sox batting - Pitching for Cleveland Spiders : RHP Roger Erickson
|
|
Now at 2B: Jesus Ramos
|
|
|
Now at SS: Reyes Carrion
|
|
|
Now in RF: Jordan Ventura
|
|
|
Batting: LHB Ryan MacFarland
|
0-0: Called Strike 0-1: Foul Ball, location: 2F 0-2: Foul Ball, location: 2F 0-2: Ground out 4-3 (Groundball, 4M, EV 81.9 MPH)
|
|
Batting: RHB Tony Velasquez
|
0-0: Called Strike 0-1: Ball 1-1: Ground out 4-3 (Groundball, 4, EV 85.6 MPH)
|
|
Batting: LHB Steve Christmas
|
0-0: Ball 1-0: Ball 2-0: Ground out 6-3 (Groundball, 6, EV 101.9 MPH)
|
| Top of the 8th over - 0 runs, 0 hits, 0 errors, 0 left on base; Chicago 5 - Cleveland 3 |
| BOTTOM OF THE 8TH |
|
Cleveland Spiders batting - Pitching for Chicago White Sox : RHP Don Wilson
|
|
Now in CF: Rudy Law
|
|
|
Pinch Hitting: LHB Glenn Gulliver
|
0-0: Called Strike 0-1: Swinging Strike 0-2: Ball 1-2: Ball 2-2: Foul Ball, location: 2F 2-2: Ball 3-2: Strikes out swinging
|
|
Batting: RHB Cressy Pratt
|
0-0: Ball 1-0: Ball 2-0: Called Strike 2-1: Foul Ball, location: 2F 2-2: Strikes out swinging
|
|
Pinch Hitting: LHB Angel Matos
|
0-0: Foul Ball, location: 2F 0-1: Ball 1-1: Ball 2-1: Called Strike 2-2: SINGLE (Line Drive, 4D, EV 98.1 MPH)
|
|
Batting: RHB Jesse Barfield
|
0-0: Called Strike 0-1: Ball 1-1: Foul Ball, location: 2F 1-2: Ball 2-2: Foul Ball, location: 2F 2-2: Ball 3-2: Strikes out swinging
|
| Bottom of the 8th over - 0 runs, 1 hit, 0 errors, 1 left on base; Chicago 5 - Cleveland 3 |
| TOP OF THE 9TH |
|
Chicago White Sox batting - Pitching for Cleveland Spiders : RHP Roger Erickson
|
|
Now at 1B: Angel Matos
|
|
|
Now at 3B: Glenn Gulliver
|
|
|
Batting: SHB Kevin King
|
0-0: Fly out, F7 (Flyball, 78M, EV 88.8 MPH)
|
|
Batting: RHB Mike A Marshall
|
0-0: Called Strike 0-1: Ball 1-1: Fly out, F8 (Flyball, 8LXD, EV 81.3 MPH)
|
|
Batting: RHB Jose Castro
|
0-0: Ball 1-0: Called Strike 1-1: Swinging Strike 1-2: Fly out, F8 (Flyball, 89D, EV 98.8 MPH)
|
| Top of the 9th over - 0 runs, 0 hits, 0 errors, 0 left on base; Chicago 5 - Cleveland 3 |
| BOTTOM OF THE 9TH |
|
Cleveland Spiders batting - Pitching for Chicago White Sox : RHP Don Wilson
|
|
Pinch Hitting: RHB Lance Parrish
|
0-0: Called Strike 0-1: Ball 1-1: Ball 2-1: Ground out 4-3 (Groundball, 34D, EV 98.1 MPH)
|
|
Batting: RHB Jordan Ventura
|
0-0: Ball 1-0: Ball 2-0: Foul Ball, location: 2F 2-1: Ball 3-1: Base on Balls
|
|
Pinch Hitting: LHB Michael Barnes
|
0-0: Ball 1-0: Ball 2-0: Called Strike 2-1: Foul Ball, location: 2F 2-2: Foul Ball, location: 2F 2-2: Foul Ball, location: 2F 2-2: Strikes out looking
|
|
Pitching: RHP Dave Stewart
|
|
|
Batting: RHB Randy Elliott
|
0-0: Ball 1-0: Ball 2-0: Called Strike 2-1: Foul Ball, location: 2F 2-2: Strikes out swinging
|
| Bottom of the 9th over - 0 runs, 0 hits, 0 errors, 1 left on base; Chicago 5 - Cleveland 3 |
|